 Dungeon Crawl Stone Soup version 0.29.1-13-g9f3cf754e1 (webtiles) character file.

Game seed: 17068479149444656885

86 Thatpatchoflichen the Shooter (level 4, -4/35 HPs)
             Began as a Human Hunter on Feb 8, 2023.
             Slain by a gnoll
             ... wielding a +0 spear
              (6 damage)
             ... on level 2 of the Dungeon.
             The game lasted 00:04:48 (1678 turns).

Thatpatchoflichen the Shooter (Human Hunter)        Turns: 1678, Time: 00:04:49

Health: -4/35      AC:  3    Str: 12    XL:     4   Next: 78%
Magic:  4/4        EV: 13    Int:  9    God:
Gold:   55         SH:  0    Dex: 18    Spells: 3/3 levels left

rFire   . . .      SeeInvis .   a - +0 shortbow
rCold   . . .      Faith    .   (shield currently unavailable)
rNeg    . . .      Spirit   .   c - +0 leather armour
rPois   .          Reflect  .   (no helmet)
rElec   .          Harm     .   (no cloak)
rCorr   .          Rampage  .   (no gloves)
Will    .....                   (no boots)
Stlth   ++........              i - amulet of magic regeneration
HPRegen 0.11/turn               (no ring)
MPRegen 0.49/turn               (no ring)

@: no status effects
A: no striking features
a: no special abilities


You were on level 2 of the Dungeon.
You visited 1 branch of the dungeon, and saw 3 of its levels.

You collected 55 gold pieces.

Inventory:

Hand Weapons
 a - a +0 shortbow (weapon)
Missiles
 r - 2 poisoned darts
Armour
 c - a +0 leather armour (worn)
 k - a scarf of shadows
 n - an orb of mayhem
Jewellery
 i - an amulet of magic regeneration (around neck)
Wands
 o - a wand of iceblast (2)
Scrolls
 b - a scroll of immolation
 d - 10 scrolls of identify {unknown}
 f - a scroll of summoning {unknown}
 j - a scroll of noise {unknown}
 p - a scroll of magic mapping {unknown}
Potions
 e - 3 potions of brilliance {unknown}
 g - a potion of invisibility {unknown}
 h - a potion of haste {unknown}
 l - 2 potions of lignification {unknown}
 m - a potion of heal wounds {unknown}
 q - a potion of attraction {unknown}


   Skills:
 + Level 3.0 Fighting
 + Level 4.6 Ranged Weapons
 + Level 3.1 Dodging
 - Level 1.0 Stealth


You had 3 spell levels left.
You didn't know any spells.
Your spell library was empty.

Dungeon Overview and Level Annotations

Branches:
Dungeon (3/15)

Altars:

Annotations:
D:2 Sigmund


Message History

You shoot an arrow. The arrow closely misses the gnoll.
The arrow barely misses the ball python.
The arrow barely misses the rat.
The gnoll barely misses you. x2
Fire: a) +0 shortbow
Press: ? - help, Q - select action, (/) - cycle Shift-Dir - straight line, f/p - gnoll
Aim: a gnoll, wielding a +0 spear (68% to hit)
You shoot an arrow. The arrow hits the gnoll.
The gnoll is lightly wounded.
The gnoll hits you from afar with a +0 spear.
Fire: a) +0 shortbow
Press: ? - help, Q - select action, (/) - cycle Shift-Dir - straight line, f/p - gnoll
Aim: a gnoll, wielding a +0 spear (lightly wounded, 68% to hit)
You shoot an arrow. The arrow barely misses the gnoll.
The arrow hits the ball python.
You kill the ball python!
The gnoll closely misses you.
Fire: a) +0 shortbow
Press: ? - help, Q - select action, (/) - cycle Shift-Dir - straight line, f/p - gnoll
Aim: a gnoll, wielding a +0 spear (lightly wounded, 68% to hit)
You shoot an arrow. The arrow hits the gnoll.
The gnoll is moderately wounded.
The gnoll hits you from afar with a +0 spear!
* * * LOW HITPOINT WARNING * * *
The gnoll hits you from afar with a +0 spear.
* * * LOW HITPOINT WARNING * * *
Fire: a) +0 shortbow
Press: ? - help, Q - select action, (/) - cycle Shift-Dir - straight line, f/p - gnoll
Aim: a gnoll, wielding a +0 spear (moderately wounded, 68% to hit)
You shoot an arrow. The arrow hits the gnoll!
The gnoll is almost dead.
The gnoll hits you from afar with a +0 spear.
* * * LOW HITPOINT WARNING * * *
Fire: a) +0 shortbow
Press: ? - help, Q - select action, (/) - cycle Shift-Dir - straight line, f/p - gnoll
Aim: a gnoll, wielding a +0 spear (almost dead, 68% to hit)
You shoot an arrow. The arrow barely misses the gnoll.
The arrow hits the rat!
You kill the rat!
The gnoll hits you from afar with a +0 spear.
You die...

#.##.#
#.#.###.##.#.
#.##.#
#.#.###.##.#.
##.##.#
#>.)...#...#.
#...#<#
###.#.###.##.
......# #..##
##... ......#
###.###.###
.#.#..# ##.#.##
.#.#..############
##.##
.#.............)@#
#.#
.#.#...#########)#
###.# #...### #g#
#...# #...# #.#
#.####### #...#
..# #........
.....# ..#
#..###### ##..#
..# #..# #.. #..#
#..# ##..## #..#


You could see a gnoll.

Vanquished Creatures
  2 gnolls (D:2)
  2 adders
  A worm (D:2)
  2 dart slugs (D:1)
  4 bats (D:1)
  6 endoplasms
  A giant cockroach (D:1)
  5 goblins
  4 hobgoblins (D:1)
  A quokka (D:1)
  2 ball pythons (D:2)
  3 frilled lizards
  3 kobolds
  7 rats
43 creatures vanquished.

Notes
Turn   | Place    | Note
-------+----------+-------------------------------------------
     0 | D:1      | Thatpatchoflichen the Human Hunter began the quest for the
                  | Orb.
     0 | D:1      | Reached XP level 1. HP: 16/16 MP: 1/1
   102 | D:1      | Reached XP level 2. HP: 22/22 MP: 2/2
   374 | D:1      | Found a faded altar of an unknown god.
   432 | D:1      | Reached XP level 3. HP: 28/28 MP: 3/3
  1446 | D:2      | Reached XP level 4. HP: 34/34 MP: 4/4
  1550 | D:2      | Noticed Sigmund
  1678 | D:2      | Slain by a gnoll

Illustrated notes

Levels and vault maps discovered:
D:1:      dpeg_arrival_tiny_a, layout_loops_corners,
          hellmonk_ecumenical_altar_lost_god, nicolae_kite_square_tiling_tiny,
          nicolae_concentric_dashed_squares_mild
D:2:      layout_loops_ring, uniq_sigmund
D:3:      layout_loops_ring, guppyfry_early_lair_pool

Skill      XL: |  1  2  3  4 |
---------------+-------------+-----
Dodging        | 3 |  3.1
Fighting       | 3 |  3.0
Ranged Weapons | |  4.6
Stealth        | |  1.0

Action                   |  1- 3 |  4- 6 || total
-------------------------+-------+-------++-------
 Fire: Shortbow          |    89 |    25 ||   114
Armor: Leather armour    |    10 |       ||    10
Dodge: Dodged            |    13 |     5 ||    18
